 Dungeon Crawl Stone Soup version 0.30-a0-930-gb9d0489357 (webtiles) character file.

Game seed: 63221757646095352

60 MachoJfn the Magician (level 4, -8/31 HPs)
             Began as a Djinni Fire Elementalist on Mar 23, 2023.
             Was a Follower of Elyvilon.
             Mangled by Crazy Yiuf
             ... wielding a +4 quarterstaff of chaos
              (9 damage)
             ... on level 2 of the Dungeon.
             The game lasted 00:08:16 (1551 turns).

MachoJfn the Magician (Djinni Fire Elementalist)    Turns: 1551, Time: 00:08:19

Health: -8/31      AC:  2    Str:  7    XL:     4   Next: 24%
Gold:   152        EV: 13    Int: 18    God:    Elyvilon [*.....] SH:  0 Dex: 20

rFire   + + .      SeeInvis .    e - +0 short sword
rCold   x . .      Faith    .    (no shield)
rNeg    . . .      Spirit   .    a - +0 robe
rPois   ∞          Reflect  .    (no helmet)
rElec   .          Rampage  .    (no cloak)
rCorr   .                        (no gloves)
Will    .....                    (boots unavailable)
Stlth   ++                       (no amulet)
HPRegen 0.25/turn                t - +6 ring of dexterity
MPRegen 0.00/turn                (no ring)

@: flying
A: sickness immunity, fire resistance 2, cold vulnerability 1, float, innate
caster, HP casting, extra vitality 1
a: Renounce Religion, Purification


You were on level 2 of the Dungeon.
You worshipped Elyvilon.
Elyvilon was aware of your devotion.
You visited 1 branch of the dungeon, and saw 2 of its levels.

You collected 152 gold pieces.

Inventory:

Hand Weapons
 e - a +0 short sword (weapon)
Missiles
 b - 4 javelins
 g - 28 stones
 i - 4 atropa-tipped darts (quivered)
 l - 5 poisoned darts
Armour
 a - a +0 robe (worn)
Jewellery
 t - a +6 ring of dexterity (left hand)
Wands
 m - a wand of charming (11)
Scrolls
 d - 2 scrolls of noise {unknown}
 n - a scroll of fog
 o - a scroll of vulnerability {unknown}
 p - a scroll of torment {unknown}
 q - a scroll of teleportation {unknown}
 s - a scroll of fear {unknown}
Potions
 c - a potion of haste
 f - a potion of mutation {unknown}
 h - a potion of might {unknown}
 j - a potion of ambrosia {unknown}
 r - a potion of heal wounds {unknown}


   Skills:
 + Level 0.4 Fighting
 + Level 2.6 Dodging
 + Level 1.8 Stealth
 + Level 3.4 Spellcasting


You knew the following spells:

 Your Spells              Type           Power      Damage    Failure   Level
a - Foxfire               Conj/Fire      60%        2x1d7     3%          1
b - Scorch                Fire           30%        2d7       5%          2
c - Kindle Blastsparks    Fire/Tloc/Air  30%        2d12      11%         3
d - Inner Flame           Hex/Fire       15%        N/A       11%         3
e - Flame Wave            Conj/Fire      15%        2d7       36%         4
f - Freeze                Ice            60%        1d7       3%          1
Your spell library was empty.

Dungeon Overview and Level Annotations

Branches:
Dungeon (2/15)

Altars:
Elyvilon

Annotations:
D:2 Crazy Yiuf


Innate Abilities, Weirdness & Mutations

You are immune to sickness and miasma.
You are immune to poison.
Your flesh is very heat resistant. (rF++)
You are vulnerable to cold. (rC-)
You float through the air rather than walking.
You learn spells naturally, not from books.
Your magical power is your life essence.
You have superior vitality. (+4 MHP)


Message History

You kill the quokka!
You now have 138 gold pieces (gained 13).
You reach down and open the door.
There is an open door here.
Found a stone staircase leading down.
Found a scroll labelled HINWEU XAISCH.
You now have 152 gold pieces (gained 14).
d - 2 scrolls labelled HINWEU XAISCH (gained 1)
There is a stone staircase leading down here.
An endoplasm comes into view.
Casting: Foxfire (safe; 3% risk of failure)
Confirm with . or Enter, or press ? or * to list all spells.
You conjure some foxfire!
The foxfire hits the endoplasm!
You kill the endoplasm!
Your foxfire dissipates!
Found a hammer.
Found a runed translucent door.
Crazy Yiuf shouts!
You reach down and open the door.
Crazy Yiuf attacks as you move away! Crazy Yiuf barely misses you.
Crazy Yiuf attacks as you move away!
Crazy Yiuf hits you with a +4 quarterstaff of chaos!
Casting: Foxfire (safe; 3% risk of failure)
Confirm with . or Enter, or press ? or * to list all spells.
Okay, then.
Casting: Foxfire (safe; 3% risk of failure)
Confirm with . or Enter, or press ? or * to list all spells.
You conjure some foxfire!
Crazy Yiuf hits you with a +4 quarterstaff of chaos!
* * * LOW HITPOINT WARNING * * *
Crazy Yiuf freezes you.
* * * LOW HITPOINT WARNING * * *
It was a potion of cancellation.
You feel magically purged.
The foxfire hits Crazy Yiuf but does no damage.
The foxfire hits Crazy Yiuf.
Crazy Yiuf is lightly wounded.
Crazy Yiuf hits you with a +4 quarterstaff of chaos!
Elyvilon protects you from harm! Crazy Yiuf freezes you!
You die...

............###.# #.#
##.#####.##.###.###.###
##.## #..............#
....# ##############.#
...## #.# ...##
♣♣♣♣♣###.# ....# ###
♣♣♣.♣....#.# #####
#...#♣..♣g.P....# ....#
#...'.♣♣♣♣@§....#####
##### #)..#♣♣
♣♣P........# # ###
♣♣###.###.# ##### #.#
#.# §§..# ##.###.#
##### #......# #
##.##### # #.# # ###


You could see Crazy Yiuf.

Vanquished Creatures
  2 adders (D:2)
  2 ball pythons
  5 bats
  3 endoplasms
  2 giant cockroaches
  2 goblins (D:1)
  6 hobgoblins
  4 kobolds
  5 quokkas
  4 frilled lizards
  A rat (D:1)
36 creatures vanquished.

Vanquished Creatures (others)
  106 foxfires
106 creatures vanquished.

Grand Total: 142 creatures vanquished

Notes
Turn   | Place    | Note
-------+----------+-------------------------------------------
     0 | D:1      | MachoJfn the Djinni Fire Elementalist began the quest for
                  | the Orb.
     0 | D:1      | MachoJfn set off with the following spells memorised:
                  | Foxfire, Scorch, Kindle Blastsparks, Inner Flame, Flame
                  | Wave.
     0 | D:1      | Reached XP level 1. HP: 15/15 MP: 0/0
    93 | D:1      | Reached XP level 2. HP: 20/21 MP: 0/0
   380 | D:1      | Reached XP level 3. HP: 21/25 MP: 0/0
   380 | D:1      | Learned a level 1 spell: Freeze
   456 | D:1      | Reached skill level 3 in Spellcasting
  1021 | D:2      | Reached XP level 4. HP: 29/31 MP: 0/0
  1186 | D:2      | Found a faded altar of an unknown god.
  1194 | D:2      | Prayed at the altar of an unknown god.
  1194 | D:2      | Became a worshipper of Elyvilon the Healer
  1194 | D:2      | Reached * piety under Elyvilon
  1540 | D:2      | Found a runed translucent door.
  1541 | D:2      | Noticed Crazy Yiuf
  1550 | D:2      | HP: 1/31 [Crazy Yiuf/+4 quarterstaff of chaos (4)]
  1551 | D:2      | Elyvilon protects you from harm!
  1551 | D:2      | Mangled by Crazy Yiuf

Illustrated notes

Levels and vault maps discovered:
D:1:      tarquinn_simple_flora_water_b, layout_basic
D:2:      layout_basic, hellmonk_ecumenical_altar_crossroads,
          uniq_crazy_yiuf_cottage

Skill      XL: |  1  2  3 |
---------------+----------+-----
Spellcasting   | 3 |  3.4
Fighting       | |  0.4
Dodging        | |  2.6
Stealth        | |  1.8

Action                     |  1- 3 |  4- 6 || total
---------------------------+-------+-------++-------
  Melee: Unarmed           |     2 |       ||     2
  Throw: Stone             |     1 |       ||     1
   Cast: Foxfire           |    48 |    15 ||    63
         Kindle Blastspark |     1 |       ||     1
    Use: Scroll            |     2 |     1 ||     3
         Potion            |       |     1 ||     1
 Armour: Robe              |    10 |     1 ||    11
  Dodge: Dodged            |    12 |     7 ||    19

Table legend: (Time is in decaauts)
 A = Elapsed time spent in this place.
 B = Non-inter-level travel time spent in this place.
 C = Inter-level travel time spent in this place.
 D = Time resting spent in this place.
 E = Time spent auto-exploring this place.
 F = Levels seen in this place.
 G = Mean time per level.
                   A        B        C        D        E       F      G
               +--------+--------+--------+--------+--------+-----+--------+
         Total |   1550 |   1239 |    311 |      0 |    993 |   2 |  775.0 |
       Dungeon |   1550 |   1239 |    311 |      0 |    993 |   2 |  775.0 |
               +--------+--------+--------+--------+--------+-----+--------+

Top non-repeatable levels by time:
     D:1: 968 daAuts
     D:2: 582 daAuts
